 Dungeon Crawl Stone Soup version 0.14.1-1-g650416f (webtiles) character file.

84 Heini the Skirmisher (level 3, 0/34 HPs)
             Began as a Hill Orc Fighter on May 1, 2014.
             Succumbed to an adder's poison
             ... on Level 2 of the Dungeon.
             The game lasted 00:02:23 (1085 turns).

Heini the Skirmisher (Hill Orc Fighter)             Turns: 1085, Time: 00:02:23

HP   0/34        AC  4     Str 17      XL: 3   Next: 79%
MP   3/3         EV  6     Int  8      God:
Gold 34          SH 18     Dex 12      Spells:  0 memorised,  2 levels left

rFire  . . .     SeeInvis .     a - +0 war axe
rCold  . . .     Clarity  .     b - +0 scale mail
rNeg   . . .     Conserve .     c - +0 shield
rPois  .         rCorr    .     (no helmet)
rElec  .         rRot     .     (no cloak)
SustAb . .       Spirit   .     (no gloves)
rMut   .         Warding  .     (no boots)
Saprov + . .     Stasis   .     (no amulet)
MR     .....                    (no ring)
                                (no ring)

@: lethally poisoned, not resistant to hostile enchantments, extremely
unstealthy
A: thin skeletal structure 1, breathe flames 1, deformed body, saprovore 1, weak
1
a: Breathe Fire


You were on level 2 of the Dungeon.
You were not hungry.

You visited 1 branch of the dungeon, and saw 2 of its levels.

You collected 34 gold pieces.

Inventory:

Hand weapons
 a - a +0,+0 war axe (weapon)
Armour
 b - a +0 scale mail (worn)
 c - a +0 shield (worn)
Comestibles
 d - a meat ration
 f - 2 bread rations
 q - 2 chunks of worm flesh
Scrolls
 g - 4 scrolls of identify {unknown}
 i - a scroll of fog {unknown}
 k - a scroll of fear {unknown}
 l - a scroll of teleportation {unknown}
 o - a scroll of remove curse {unknown}
Potions
 e - a potion of might
 n - a potion of paralysis {unknown}
 p - a potion of heal wounds {unknown}


   Skills:
 * Level 4.6 Fighting
 * Level 3.4 Axes
 * Level 3.8 Armour
 - Level 3.2 Shields


You had 2 spell levels left.
You didn't know any spells.

Dungeon Overview and Level Annotations

Branches:
Dungeon (2/15)

Altars:


Innate Abilities, Weirdness & Mutations

You can tolerate rotten meat.
You have a somewhat thin skeletal structure (Dex +2, Stealth).
You can breathe flames.
Armour fits poorly on your strangely shaped body.
You are weak. (Str -2)


Message History

Drink which item? (? for menu, Esc to quit)
You feel extremely strange.
Your throat feels hot.
You feel weaker.
Your body twists and deforms.
It was a potion of mutation.
The adder bites you.
* * * LOW HITPOINT WARNING * * *
Drink which item? (? for menu, Esc to quit)
Your bones become slightly less dense.
You feel fantastic!
It was a potion of beneficial mutation.
* * * LOW HITPOINT WARNING * * *
You feel sick. The adder bites you but does no damage.
You hit the adder but do no damage.
The adder is moderately wounded.
* * * LOW HITPOINT WARNING * * *
You feel sick. You block the adder's attack. The adder barely misses you.
You miss the adder.
The adder is moderately wounded.
You block the adder's attack. The adder bites you but does no damage.
You closely miss the adder.
The adder is moderately wounded.
You die...

####...#
.......######.
.##.%.........
.##...........#
.........###
####..##.# # #..##.#
########.#. #
#..##.#####...........
#
#.....##.....@S.......
#
#........#............
#
#.###.####..#########
####.# #.# #..# ...#.#
#.# #..# #.# ##....
... ...# #.# #.# ###
###.# #.# . #.# #.#
#.#### #.#


You could see an adder.

Vanquished Creatures
  An adder (D:2)
  2 giant mites
  A worm (D:2)
  A giant gecko (D:1)
  3 bats (D:1)
  2 goblins (D:1)
  A hobgoblin (D:1)
  2 jackals (D:1)
  3 giant cockroaches (D:1)
  2 kobolds (D:1)
  4 rats
22 creatures vanquished.

Notes
Turn   | Place    | Note
--------------------------------------------------------------
     0 | D:1      | Heini, the Hill Orc Fighter, began the quest for the Orb.
     0 | D:1      | Reached XP level 1. HP: 19/19 MP: 1/1
     2 | D:1      | Noticed a troll
     2 | D:1      | Noticed an ogre
     4 | D:1      | Noticed a spriggan
     4 | D:1      | Noticed an octopode
     6 | D:1      | Noticed a merfolk
     6 | D:1      | Noticed a vine stalker
     8 | D:1      | Noticed a ghoul
     8 | D:1      | Noticed a gargoyle
    10 | D:1      | Noticed a human
    14 | D:1      | Noticed a tengu
    14 | D:1      | Noticed a centaur
    16 | D:1      | Noticed a naga
    16 | D:1      | Noticed a draconian
    18 | D:1      | Noticed a demonspawn
    18 | D:1      | Noticed a demigod
    20 | D:1      | Noticed a dwarf
    22 | D:1      | Noticed a vampire
    24 | D:1      | Noticed a minotaur
    24 | D:1      | Noticed an elf
    26 | D:1      | Noticed a felid
    26 | D:1      | Noticed a formicid
   219 | D:1      | Reached XP level 2. HP: 14/27 MP: 2/2
   226 | D:1      | Reached skill level 4 in Fighting
   635 | D:1      | Reached XP level 3. HP: 29/34 MP: 3/3
  1081 | D:2      | Gained mutation: You can breathe flames. [potion of mutation]
  1081 | D:2      | Gained mutation: You are weak. (Str -2) [potion of mutation]
  1081 | D:2      | Gained mutation: Armour fits poorly on your strangely shaped body. [potion of mutation]
  1082 | D:2      | Gained mutation: You have a somewhat thin skeletal structure (Dex +2, Stealth). [potion of beneficial mutation]
  1083 | D:2      | HP: 1/34 [poisoned by an adder]
  1085 | D:2      | Succumbed to an adder's poison

Action                   || total
-------------------------++-------
Melee: War axe           ||   117
  Use: Potion            ||     3
